 Seeded DCSS version 0.30-a0-134-gb40fab5c76 (webtiles) character file.

Game seed: 5886011894578146916 (custom seed)

7259 valliere the Grappler (level 11, -3/86 HPs)
             Began as an Octopode Transmuter on Sept 19, 2022.
             Was a Believer of Ru.
             Slain by a yak (10 damage)
             ... on level 10 of the Dungeon on Sept 20, 2022.
             The game lasted 00:44:33 (11132 turns).

valliere the Grappler (Octopode Transmuter)        Turns: 11132, Time: 00:44:34

Health: -3/86      AC: 14    Str: 15    XL:     11   Next: 12%
Magic:  17/17      EV: 12    Int: 13    God:    Ru [**....]
Gold:   617        SH:  0    Dex: 12    Spells: 14/19 levels left

rFire   x . .      SeeInvis .      - Unarmed
rCold   + + +      Faith    .    (shield currently unavailable)
rNeg    . . .      Spirit   .    (helmet currently unavailable)
rPois   +          Reflect  .    (no amulet)
rElec   +          Harm     .    i - +4 ring of protection
rCorr   .          Rampage  .    q - ring "Cisaiwn" {rElec AC+4}
Will    .....                    u - ring of wizardry
Stlth   ++++......               (no ring)
HPRegen 0.00/turn                (no ring)
MPRegen 0.15/turn                (no ring)
                                 (no ring)
                                 (no ring)

@: ice-form, inhibited regen, unable to drink
A: freezing attack, boosted hp, almost no armour, amphibious, 8 rings, large,
(camouflage 1), inhibited regeneration, (gelatinous body 1), inability to drink
after injury 2, (nimble swimmer 1), (tentacles), (tentacle spike 1), (iridescent
scales 1), dopey 1
a: End Transformation, Renounce Religion


You were on level 10 of the Dungeon.
You worshipped Ru.
Ru was pleased with you.
You were a creature of crystalline ice.
You visited 2 branches of the dungeon, and saw 11 of its levels.

You collected 617 gold pieces.

Inventory:

Missiles
 C - 27 stones
Armour
 B - a +0 kite shield
Jewellery
 i - a +4 ring of protection (left front paw)
 l - a ring of fire
 q - the ring "Cisaiwn" (right front paw) {rElec AC+4}
   (You found it on level 3 of the Dungeon)

   [ring of protection]

   AC:        It affects your AC (+4).
   rElec:     It insulates you from electricity.
 u - a ring of wizardry (on tentacle)
Wands
 c - a wand of flame (12)
 s - a wand of quicksilver (15)
Scrolls
 b - 3 scrolls of immolation
 d - a scroll of enchant weapon {unknown}
 f - 2 scrolls of silence
 j - a scroll of blinking
 o - 2 scrolls of poison
 p - 2 scrolls of butterflies
 t - a scroll of vulnerability {unknown}
 w - a scroll of amnesia {unknown}
 y - a scroll of fear {unknown}
 z - 7 scrolls of teleportation
 D - 2 scrolls of acquirement {unknown}
 F - a scroll of magic mapping {unknown}
Potions
 a - 2 potions of might {unknown}
 e - 2 potions of haste {unknown}
 g - 2 potions of resistance {unknown}
 h - 2 potions of attraction {unknown}
 k - 3 potions of mutation
 m - 3 potions of flight {unknown}
 n - 2 potions of cancellation {unknown}
 r - a potion of invisibility {unknown}
 v - 2 potions of lignification
 x - 3 potions of brilliance
 A - 4 potions of curing {unknown}
 E - a potion of ambrosia {unknown}


   Skills:
 + Level 6.2 Fighting
 + Level 6.5 Dodging
 + Level 8.8 Stealth
 + Level 2.7 Shields
 * Level 9.6 Unarmed Combat
 + Level 4.6 Spellcasting
 * Level 7.5 Transmutations


You had 14 spell levels left.
You knew the following spells:

 Your Spells              Type           Power      Damage    Failure   Level
a - Beastly Appendage     Tmut           44%        N/A       1%          1
b - Ice Form              Ice/Tmut       12%        N/A       16%         4

Your spell library contained the following spells:

 Spells                   Type           Power      Damage    Failure   Level
 Wereblood                Tmut           22%        N/A       1%          2
 Spider Form              Tmut/Pois      12%        N/A       4%          3
 Dazzling Flash           Conj/Hex       6%         N/A       24%         3
 Airstrike                Air            1%         2d(1-17)  58%         4
 Summon Lightning Spire   Summ/Air       3%         N/A       58%         4
 Agony                    Necr           3%         N/A       89%         5
 Lightning Bolt           Conj/Air       1%         1d12      89%         5
 Silence                  Hex/Air        1%         N/A       89%         5


Dungeon Overview and Level Annotations

Branches:
Dungeon (10/15)            Temple (1/1) D:5            Lair (0/5) D:9
    Orc (0/2) D:9

Altars:
Ashenzari
Cheibriados
Dithmenos
Elyvilon
Fedhas
Gozag
Hepliaklqana
Kikubaaqudgha
Makhleb
Nemelex Xobeh
Okawaru
Qazlal
Ru
Sif Muna
Trog
Uskayaw
Vehumet
Wu Jian
Xom
Yredelemnul
Zin
The Shining One

Shops:
D:6 !

Annotations:
D:3 3 runed translucent doors, hgbash's ghost, amateur OpCj
D:4 2 transporters, Grinder; osoart's ghost, amateur DsHs
D:6 1 runed translucent door, Crazy Yiuf


Innate Abilities, Weirdness & Mutations

You are a creature of crystalline ice.
You have a powerful freezing melee attack.
Your maximum health is increased.
Your armour is entirely melded.
You are incapable of wielding weapons or throwing items.
You cannot wear most types of armour.
You are amphibious.
You can wear up to eight rings at the same time.
((Your skin changes colour to match your surroundings (Stealth+).))
You do not regenerate when monsters are visible.
((Your rubbery body absorbs attacks. (AC +1, EV +1)))
You sometimes lose the ability to drink potions when taking damage.
((You are camouflaged when in or above water. (Stealth+)))
((You have tentacles for arms and can constrict up to eight enemies at once.))
((One of your tentacles bears a spike.))
((You are partially covered in iridescent scales. (AC +2)))
You are dopey. (Int -2)


Message History

You punch the yak! You freeze the yak.
The yak is moderately wounded.
The yak gores you but does no damage.
You hit the yak. You freeze the yak.
The yak is heavily wounded.
You punch the yak! You freeze the yak.
The yak is severely wounded.
The yak gores you but does no damage.
You hit the yak but do no damage.
The yak is severely wounded.
The yak closely misses you. The yak gores you!
You are too injured to fight recklessly!
You are too injured to fight recklessly!
You punch the yak! You freeze the yak.
The yak is moderately wounded.
The yak misses you. The yak gores you but does no damage.
You hit the yak. You freeze the yak.
The yak is heavily wounded.
You barely miss the yak.
The yak is severely wounded.
The yak gores you!
You feel threatened and lose the ability to drink potions!
The yak closely misses you.
You hit the yak but do no damage.
The yak is severely wounded.
The yak gores you but does no damage. The yak gores you!
* * * LOW HITPOINT WARNING * * *
You pummel the yak!! You freeze the yak.
You kill the yak!
The yak gores you!
* * * LOW HITPOINT WARNING * * *
You pummel the yak!! You freeze the yak.
You kill the yak!
The yak barely misses you.
You hit the yak but do no damage.
The yak is heavily wounded.
You hit the yak. You freeze the yak.
The yak is severely wounded.
The yak barely misses you. The yak gores you!
You die...

.. #.. ...
#.#.. ######..
#.#.. #$.....
#.#.# #....#
#.#.# #....#
#.#.# #YY.#
#.#.###Y####..
#.#..........#
#...........##
#.#.......###
#.#....####
#.#.#### #.#..
#.#.. #.#...


You could see 2 yaks.

Vanquished Creatures
  A two-headed ogre (D:9)
  A gargoyle (D:10)
  A troll (D:9)
  Prince Ribbit (D:6)
  6 yaks
  A wyvern (D:9)
  2 acid dragons (D:9)
  6 water moccasins
  4 orc warriors
  Duvessa (D:6)
  5 black bears
  2 ice beasts (D:6)
  4 centaurs
  2 phantoms
  3 kobold brigands
  A gnoll sergeant (D:8)
  A scorpion (D:4)
  3 necrophages
  A bullfrog (D:7)
  15 wights
  Dowan (D:6)
  9 killer bees
  An electric eel (D:6)
  4 howler monkeys
  2 hounds
  A jelly (D:4)
  6 orc priests
  Ijyb (D:4)
  2 iguanas
  2 orc wizards
  3 gnolls (D:8)
  4 adders
  A shadow imp (D:7)
  2 white imps
  An ufetubus (D:5)
  A dart slug (D:2)
  2 worms
  21 orcs
  4 ball pythons
  5 bats
  5 endoplasms
  5 giant cockroaches
  6 hobgoblins
  3 jackals (D:3)
  19 kobolds
  5 quokkas
  7 frilled lizards
  7 goblins
  8 rats
199 creatures vanquished.

Vanquished Creatures (others)
  A centaur (D:9)
  An orc (D:8)
2 creatures vanquished.

Grand Total: 201 creatures vanquished

Notes
Turn   | Place    | Note
-------+----------+-------------------------------------------
     0 | D:1      | valliere the Octopode Transmuter began the quest for the
                  | Orb.
     0 | D:1      | Reached XP level 1. HP: 13/13 MP: 3/3
   390 | D:1      | Reached XP level 2. HP: 17/18 MP: 3/5
   677 | D:1      | Reached skill level 1 in Stealth
   912 | D:1      | Reached XP level 3. HP: 18/23 MP: 4/6
  1042 | D:1      | Found a faded altar of an unknown god.
  2086 | D:2      | Found a bloodstained altar of Trog.
  2273 | D:3      | Reached XP level 4. HP: 28/28 MP: 7/7
  2477 | D:3      | Identified the ring "Cisaiwn" {rElec AC+4}
  2633 | D:3      | Found a runed translucent gate.
  2634 | D:3      | Found a runed translucent gate.
  2634 | D:3      | Noticed hgbash's ghost (amateur OpCj)
  2638 | D:3      | Noticed a kobold brigand
  2645 | D:3      | Found a runed translucent gate.
  2836 | D:4      | Noticed a scorpion
  2844 | D:4      | Killed a scorpion
  2845 | D:4      | Reached skill level 4 in Unarmed Combat
  2845 | D:4      | Reached XP level 5. HP: 13/34 MP: 6/8
  3178 | D:4      | Noticed a water moccasin
  3203 | D:4      | Killed a water moccasin
  3204 | D:4      | Reached XP level 6. HP: 30/39 MP: 9/9
  3372 | D:4      | Found a transporter.
  3372 | D:4      | Noticed osoart's ghost (amateur DsHs)
  3378 | D:4      | Found a transporter.
  3944 | D:4      | Noticed Ijyb
  3955 | D:4      | Killed Ijyb
  3956 | D:4      | Reached skill level 5 in Unarmed Combat
  3956 | D:4      | Reached XP level 7. HP: 40/45 MP: 8/10
  4055 | D:4      | Noticed Grinder
  4490 | D:5      | Entered Level 5 of the Dungeon
  4738 | D:5      | Found a staircase to the Ecumenical Temple.
  4767 | D:5      | Learned a level 4 spell: Ice Form
  4864 | D:5      | Gained mutation: One of your tentacles bears a spike.
                  | [potion of mutation]
  4864 | D:5      | Gained mutation: You are partially covered in iridescent
                  | scales. (AC +2) [potion of mutation]
  4864 | D:5      | Gained mutation: You are partially covered in large bone
                  | plates. (SH +4) [potion of mutation]
  5188 | D:5      | Found an ornate altar of the Wu Jian Council.
  5235 | D:5      | Reached skill level 6 in Unarmed Combat
  5235 | D:5      | Reached XP level 8. HP: 46/52 MP: 11/11
  5334 | D:5      | Reached skill level 5 in Stealth
  5366 | Temple   | Entered the Ecumenical Temple
  5517 | Temple   | Became a worshipper of Ru the Awakened
  5594 | D:6      | Noticed Prince Ribbit
  5606 | D:6      | Killed Prince Ribbit
  5915 | D:6      | Found Yjaaciek's Distillery.
  6024 | D:6      | Reached skill level 7 in Unarmed Combat
  6140 | D:6      | Reached skill level 5 in Transmutations
  6140 | D:6      | Reached XP level 9. HP: 47/59 MP: 12/12
  6324 | D:6      | Noticed Duvessa
  6325 | D:6      | Noticed Dowan
  6336 | D:6      | Killed Duvessa
  6337 | D:6      | Killed Dowan
  6479 | D:6      | Reached skill level 5 in Dodging
  6846 | D:6      | Found a runed translucent door.
  6847 | D:6      | Noticed Crazy Yiuf
  6893 | D:6      | Found a radiant altar of Vehumet.
  6900 | D:6      | Found a white marble altar of Elyvilon.
  7067 | D:7      | Reached skill level 5 in Fighting
  7076 | D:7      | Reached skill level 8 in Unarmed Combat
  7277 | D:7      | Found a shimmering altar of Xom.
  7489 | D:7      | Gained mutation: You occasionally lose the ability to drink
                  | potions when taking damage. [Ru sacrifice]
  7489 | D:7      | Gained mutation: You sometimes lose the ability to drink
                  | potions when taking damage. [Ru sacrifice]
  7489 | D:7      | Reached * piety under Ru
  7948 | D:7      | HP: 3/61 [poisoned by a gnoll sergeant]
  8776 | D:8      | Reached XP level 10. HP: 66/66 MP: 11/15
  9477 | D:9      | Found a staircase to the Orcish Mines.
  9908 | D:9      | Lost mutation: You are partially covered in large bone
                  | plates. (SH +4) [mutagenic glow]
  9918 | D:9      | Gained mutation: You are dopey. (Int -2) [mutagenic glow]
 10007 | D:9      | Reached skill level 1 in Shields
 10064 | D:9      | Found a staircase to the Lair.
 10400 | D:9      | Reached skill level 9 in Unarmed Combat
 10472 | D:9      | Noticed a two-headed ogre
 10479 | D:9      | Killed a two-headed ogre
 10947 | D:9      | Reached XP level 11. HP: 72/72 MP: 12/17
 11007 | D:9      | Found a basalt altar of Yredelemnul.
 11035 | D:10     | Entered Level 10 of the Dungeon
 11119 | D:10     | Gained mutation: You do not regenerate when monsters are
                  | visible. [Ru sacrifice]
 11119 | D:10     | Reached ** piety under Ru
 11132 | D:10     | Slain by a yak

Illustrated notes

Levels and vault maps discovered:
D:1:      dpeg_arrival_round_a, layout_basic,
          shapermc_ecumenical_altar_mp_urbaneastern, dreamdust_mushroom_princess
D:2:      layout_loops_ring, basic_altar
D:3:      layout_rooms, gammafunk_ghost_nasty_kobolds
D:4:      layout_cave_pods, gammafunk_ghost_mausoleum, uniq_grinder, uniq_ijyb
D:5:      layout_basic, nzn_wu_jian_council_hall,
          minmay_temple_entry_proselytizer, kennysheep_generic_room_4
D:6:      layout_cave_pools, amethyst_overflow_temple_binary, serial_shops,
          nicolae_shop_window_shopping, kennysheep_big_empty_room, uniq_duvessa,
          uniq_prince_ribbit1, uniq_crazy_yiuf_cottage
D:7:      layout_loops_ring, nicolae_overflow_hidden_temple
D:8:      layout_basic, serial_curves, eino_curves_03, eino_curves_02,
          minmay_crossroads
D:9:      layout_basic, mainiacjoe_overflow_alcove_4, lair_entry_dummy,
          david_orc_2, minmay_increasing_density
D:10:     minmay_recursive_quarters, layout_basic, serial_shops,
          nicolae_diamond_shop, moated_statue, kennysheep_small_square
Temple:   nicolae_temple_bog_church

Skill      XL: |  1  2  3  4  5  6  7  8  9 10 |
---------------+-------------------------------+-----
Stealth        | 1 2 3 4 6 7 8 |  8.8
Fighting       | 2 3 4 5 6 |  6.2
Unarmed Combat | 4 5 6 7 8 9 |  9.6
Dodging        | 3 4 5 6 |  6.5
Transmutations | 3 4 5 7 |  7.5
Spellcasting   | 3 4 |  4.6
Shields        | 2 |  2.7

Action                   |  1- 3 |  4- 6 |  7- 9 | 10-12 || total
-------------------------+-------+-------+-------+-------++-------
Melee: Unarmed           |   101 |    95 |   241 |   164 ||   601
       Constrict         |    31 |    11 |    36 |     6 ||    84
       Kick              |    14 |    24 |    66 |    17 ||   121
       Tentacles         |    12 |    17 |    45 |     8 ||    82
       Punch             |     5 |     1 |     7 |     2 ||    15
Throw: Stone             |       |       |     2 |       ||     2
 Cast: Beastly Appendage |    15 |     8 |     8 |       ||    31
       Ice Form          |       |       |     4 |     7 ||    11
Invok: Sacrifice Drink   |       |       |     1 |       ||     1
       Sacrifice Purity  |       |       |       |     1 ||     1
  Use: Potion            |       |     1 |     1 |       ||     2
       Scroll            |       |       |     9 |       ||     9
 Stab: Sleeping          |     6 |     6 |    10 |     8 ||    30
Armor: Skin              |    11 |    39 |   102 |    62 ||   214
Dodge: Dodged            |    61 |    42 |    89 |   110 ||   302
Block: Other             |       |       |    13 |     2 ||    15
       Kite shield       |       |       |       |     8 ||     8

Table legend: (Time is in decaauts)
 A = Elapsed time spent in this place.
 B = Non-inter-level travel time spent in this place.
 C = Inter-level travel time spent in this place.
 D = Time resting spent in this place.
 E = Time spent auto-exploring this place.
 F = Levels seen in this place.
 G = Mean time per level.
                   A        B        C        D        E       F      G
               +--------+--------+--------+--------+--------+-----+--------+
         Total |  11068 |  10661 |    407 |    755 |   8373 |  11 | 1006.2 |
       Dungeon |  10898 |  10508 |    390 |    755 |   8260 |  10 | 1089.8 |
        Temple |    169 |    152 |     17 |      0 |    113 |   1 |  169.0 |
               +--------+--------+--------+--------+--------+-----+--------+

Top non-repeatable levels by time:
     D:7: 1709 daAuts
     D:4: 1651 daAuts
     D:9: 1563 daAuts
     D:6: 1396 daAuts
     D:1: 1389 daAuts
     D:5: 895 daAuts
     D:8: 766 daAuts
     D:2: 763 daAuts
     D:3: 669 daAuts
  Temple: 169 daAuts
    D:10: 92 daAuts
